 Dungeon Crawl Stone Soup version 0.30-a0-459-g9104f0fc43 (webtiles) character file.

Game seed: 187501242934004233

48813 zishaf the Warrior (level 14, -1/144 HPs)
             Began as a Minotaur Berserker on Dec 15, 2022.
             Was a High Priest of Trog.
             Slain by a hornet (6 damage)
             ... on level 5 of the Lair of Beasts.
             The game lasted 00:26:37 (16152 turns).

zishaf the Warrior (Minotaur Berserker)            Turns: 16152, Time: 00:26:38

Health: -1/144     AC: 17    Str: 27    XL:     14   Next: 13%
Magic:  13/13      EV: 11    Int:  4    God:    Trog [*****.]
Gold:   2809       SH:  0    Dex: 12    Spells: 13/13 levels left

rFire   . . .      SeeInvis .    a - +5 executioner's axe (flame)
rCold   + + .      Faith    .    (shield currently unavailable)
rNeg    . . .      Spirit   .    f - +2 chain mail {rC+}
rPois   .          Reflect  .    (helmet restricted)
rElec   .          Harm     .    l - +1 cloak
rCorr   .          Rampage  .    q - +0 pair of gloves
Will    ++...                    i - +0 pair of boots
Stlth   ..........               (no amulet)
HPRegen 0.44/turn                C - ring of willpower
MPRegen 0.13/turn                O - ring of protection from cold

@: lethally poisoned (-1 -> -6), slowed, very slow
A: horns 2, retaliatory headbutt, claws 1, hooves 2, thin skeletal structure 1
a: Renounce Religion, Berserk, Trog's Hand, Brothers in Arms


You were on level 5 of the Lair of Beasts.
You worshipped Trog.
Trog was extremely pleased with you.
You visited 2 branches of the dungeon, and saw 17 of its levels.
You also visited: Ossuary and Bailey.

You collected 2809 gold pieces.

Inventory:

Hand Weapons
 a - a +5 executioner's axe of flaming (weapon)
 b - the +9 battleaxe of Minotaur's Curse {antimagic, rPois}
   (Trog gifted it to you on level 5 of the Lair of Beasts)

   It reduces the magical energy of the wielder, and disrupts the spells and
   magical abilities of those it strikes.
   Natural abilities and divine invocations are not affected.
   rPois:     It protects you from poison.
Missiles
 d - 79 poisoned darts (quivered)
 y - 3 throwing nets
Armour
 f - a +2 chain mail of cold resistance (worn)
 i - a +0 pair of boots (worn)
 l - a +1 cloak (worn)
 q - a +0 pair of gloves (worn)
Jewellery
 w - a +6 ring of strength
 C - a ring of willpower (left hand)
 F - the amulet "Adaceh" {Faith *Corrode +Blink Int+5}
   (You found it on level 2 of the Lair of Beasts)

   [amulet of faith]

   It allows you to gain divine favour quickly.
   Int:       It affects your intelligence (+5).
   +Blink:    It lets you blink.
   *Corrode:  It may corrode you when you take damage.
 H - a ring of willpower
 J - a ring of flight
 M - a ring of positive energy
 N - a ring of see invisible
 O - a ring of protection from cold (right hand)
Wands
 n - a wand of polymorph (3)
 t - a wand of paralysis (15)
 I - a wand of flame (7)
 L - a wand of roots (2)
Scrolls
 e - a scroll of poison
 m - 6 scrolls of teleportation
 r - 6 scrolls of fear
 x - 2 scrolls of enchant armour
 B - 2 scrolls of magic mapping
 D - 2 scrolls of fog
 E - 8 scrolls of identify
 G - a scroll of brand weapon
Potions
 c - a potion of invisibility
 g - 6 potions of might
 h - 2 potions of curing
 j - 3 potions of ambrosia
 k - a potion of resistance
 o - 3 potions of cancellation
 p - 5 potions of attraction
 s - 4 potions of lignification
 v - a potion of flight
 z - a potion of haste
 A - 5 potions of heal wounds
 K - a potion of magic


   Skills:
 + Level 18.8 Fighting
 + Level 16.8 Axes
 - Level 7.1 Armour
 - Level 7.0 Dodging
 - Level 10.0 Evocations


You had 13 spell levels left.
You didn't know any spells.
Your spell library was empty.

Dungeon Overview and Level Annotations

Branches:
Dungeon (12/15)            Temple (0/1) D:4            Lair (5/5) D:11
  Swamp (0/4) Lair:2       Spider (0/4) Lair:2        Slime (0/5) Lair:4
    Orc (0/2) D:10        Ossuary (visited)          Bailey (visited)

Altars:
Elyvilon
Gozag
Makhleb
Ru
Wu Jian
Zin
Jiyva

Shops:
D:9 (

Annotations:
Lair:5 3 runed translucent doors, NinjaNoafa's ghost, journeyman MfGl


Innate Abilities, Weirdness & Mutations

You have a pair of horns on your head.
You reflexively headbutt those who attack you in melee.
You have sharp fingernails.
You have hoof-like feet.
You have a somewhat thin skeletal structure. (Dex +2, Stealth+)


Message History

The hornet stings you.
You are more poisoned.
You feel as though you will be slow longer.
The hornet stings you.
You feel as though you will be slow longer.
The hornet stings you but does no damage. x3
The hornet stings you!
* * * LOW HITPOINT WARNING * * *
You feel as though you will be slow longer.
The tyrant leech bites you!
* * * LOW HITPOINT WARNING * * *
The tyrant leech draws strength from your injuries!
The hornet misses you. You furiously retaliate!
You headbutt the hornet.
Unknown command.
You feel better. The hornet barely misses you. You furiously retaliate!
You headbutt the hornet!
You kill the hornet!
Trog accepts your kill. The hornet stings you.
* * * LOW HITPOINT WARNING * * *
You are poisoned.
You feel as though you will be slow longer.
The hornet barely misses you.
The hornet stings you but does no damage.
The tyrant leech barely misses you.
The hornet stings you but does no damage.
The hornet closely misses you.
Unknown command.
You slash the hornet! You burn the hornet.
You kill the hornet!
Trog accepts your kill.
You barely miss the hornet. You slice the tyrant leech!!
You burn the tyrant leech!
You feel very sick.
The hornet stings you but does no damage.
The tyrant leech bites you!!
* * * LOW HITPOINT WARNING * * *
The tyrant leech draws strength from your injuries!
The hornet stings you.
You die...

# ########## ..####
#.##.P.##.
.....#####........#
P....##.....#.#...
#..#.....#####.. ##
###.....### #.##
#.##.....### ###.
#.#..y...## ###..
#...@w..## #....
#...#.†..## ##..#
#.. ###...# ###..##
. #.#...# #....##
##.#..P# ##..##. #
..P.P ##P... ...$##
##... ..... #....
#..P.


You could see a tyrant leech and a hornet.

Vanquished Creatures
  An ice dragon (Lair:5)
  4 hydras
  3 two-headed ogres
  5 death yaks
  2 cyclopes
  3 oklob plants
  An ugly thing (D:12)
  4 elephants (Lair:5)
  5 black mambas
  An unseen horror (D:7)
  3 torpor snails
  16 cane toads
  A gargoyle (D:11)
  9 komodo dragons
  11 polar bears
  2 trolls
  5 hornets
  3 raiju (Lair:5)
  Grinder (D:6)
  4 dream sheep (Lair:2)
  3 shadows
  7 wyverns
  3 water elementals (D:11)
  34 yaks
  3 basilisks
  Edmund (D:5)
  2 steam dragons
  7 wargs
  14 hell hounds (Lair:5)
  10 water moccasins
  8 orc warriors
  A floating eye (Lair:5)
  3 ice beasts
  3 sky beasts
  13 black bears
  2 ogres
  25 wolves
  3 centaurs
  5 phantoms
  6 kobold brigands
  8 gnoll sergeants (Bailey)
  12 scorpions
  2 necrophages
  11 bullfrogs
  8 wights
  5 killer bees (D:10)
  A howler monkey (D:10)
  7 electric eels
  A jelly (D:6)
  Crazy Yiuf (D:2)
  5 hounds
  14 orc priests
  6 gnoll boudas
  4 iguanas (D:5)
  Ijyb (D:3)
  15 orc wizards
  3 hell rats (Lair:3)
  12 mummies (Ossuary)
  19 gnolls
  5 adders
  3 river rats (Lair:3)
  2 white imps (D:6)
  3 worms (D:2)
  3 dart slugs
  34 orcs
  6 ball pythons
  4 bats
  7 endoplasms
  4 giant cockroaches
  6 goblins
  6 hobgoblins
  2 jackals (D:4)
  29 kobolds
  10 quokkas
  A frilled lizard (D:1)
  3 gnoll skeletons (Ossuary)
  2 goblin skeletons (Ossuary)
  2 kobold skeletons (Ossuary)
  An orc skeleton (Ossuary)
  9 rats
  11 rat skeletons (Ossuary)
525 creatures vanquished.

Vanquished Creatures (collateral kills)
  2 oklob plants (Lair:5)
  A komodo dragon (Lair:5)
  A bush (Lair:5)
  A plant (Lair:5)
5 creatures vanquished.

Vanquished Creatures (others)
  8 fungi
  51 plants
59 creatures vanquished.

Grand Total: 589 creatures vanquished

Notes
Turn   | Place    | Note
-------+----------+-------------------------------------------
     0 | D:1      | zishaf the Minotaur Berserker began the quest for the Orb.
     0 | D:1      | Reached XP level 1. HP: 19/19 MP: 0/0
   144 | D:1      | You fall into a shaft and drop 1 floor!
   182 | D:1      | Reached skill level 4 in Fighting
   186 | D:1      | Reached XP level 2. HP: 9/27 MP: 1/1
   685 | D:1      | Reached XP level 3. HP: 34/34 MP: 2/2
   738 | D:2      | Found a white marble altar of Elyvilon.
   755 | D:2      | Reached ** piety under Trog
   854 | D:2      | Reached skill level 5 in Fighting
   859 | D:2      | Reached XP level 4. HP: 41/42 MP: 3/3
   943 | D:2      | Found a runed translucent door.
   944 | D:2      | Noticed Crazy Yiuf
  1278 | D:2      | Killed Crazy Yiuf
  1358 | D:3      | Reached skill level 6 in Fighting
  1393 | D:3      | Noticed Ijyb
  1394 | D:3      | Noticed a scorpion
  1429 | D:3      | Killed Ijyb
  1430 | D:3      | Reached XP level 5. HP: 36/50 MP: 4/4
  1434 | D:3      | Reached skill level 5 in Axes
  1774 | D:3      | Reached skill level 7 in Fighting
  1940 | D:3      | Reached XP level 6. HP: 60/60 MP: 5/5
  2144 | D:4      | Found a staircase to the Ecumenical Temple.
  2226 | D:4      | Reached *** piety under Trog
  2291 | D:4      | Reached skill level 8 in Fighting
  2291 | D:4      | Reached XP level 7. HP: 25/68 MP: 6/6
  2303 | D:4      | Found a sand-covered staircase.
  2438 | Ossuary  | Entered an ossuary
  2796 | Ossuary  | Reached **** piety under Trog
  3256 | D:4      | Found an opulent altar of Gozag.
  3310 | D:4      | Found a glowing silver altar of Zin.
  3366 | D:5      | Entered Level 5 of the Dungeon
  3395 | D:5      | Noticed Edmund
  3431 | D:5      | Reached skill level 9 in Fighting
  3438 | D:5      | Killed Edmund
  3439 | D:5      | Reached XP level 8. HP: 59/78 MP: 7/7
  3537 | D:5      | Reached skill level 5 in Armour
  4101 | D:5      | Reached skill level 10 in Fighting
  4845 | D:5      | Reached skill level 11 in Fighting
  4886 | D:6      | Reached XP level 9. HP: 89/89 MP: 8/8
  5434 | D:6      | Reached skill level 12 in Fighting
  5434 | D:6      | Reached skill level 1 in Evocations
  5761 | D:6      | Noticed Grinder
  5761 | D:6      | Noticed a troll
  5762 | D:6      | Paralysed by Grinder for 3 turns
  5770 | D:6      | Killed Grinder
  5771 | D:6      | Killed a troll
  5772 | D:6      | Reached skill level 13 in Fighting
  5772 | D:6      | Reached XP level 10. HP: 98/101 MP: 9/9
  5941 | D:6      | Reached ***** piety under Trog
  6239 | D:7      | Reached skill level 10 in Axes
  7011 | D:8      | Found a flagged portal.
  7019 | Bailey   | Entered a bailey
  7679 | Bailey   | Identified the +0 ring mail of Giomyvaz {Rampage Stlth+}
  7970 | D:8      | Reached skill level 5 in Dodging
  7971 | D:8      | Reached skill level 14 in Fighting
  8023 | D:8      | Reached skill level 5 in Evocations
  8023 | D:8      | Reached XP level 11. HP: 107/110 MP: 10/10
  8258 | D:9      | Received a gift from Trog
  8328 | D:9      | Noticed a two-headed ogre
  8334 | D:9      | Killed a two-headed ogre
  8464 | D:9      | Found Gygi's Weapon Emporium.
  8690 | D:9      | Found a burning altar of Makhleb.
  8690 | D:9      | Found an ornate altar of the Wu Jian Council.
  8776 | D:10     | Entered Level 10 of the Dungeon
  9074 | D:10     | Noticed a two-headed ogre
  9079 | D:10     | Killed a two-headed ogre
  9194 | D:10     | Gained mutation: You are occasionally teleported next to
                  | monsters. [potion of mutation]
  9194 | D:10     | Gained mutation: You have hidden genetic potential. [potion
                  | of mutation]
  9194 | D:10     | Gained mutation: Your natural rate of healing is unusually
                  | fast. [potion of mutation]
  9222 | D:10     | Found a staircase to the Orcish Mines.
  9539 | D:11     | Noticed a two-headed ogre
  9545 | D:11     | Killed a two-headed ogre
  9621 | D:11     | Reached skill level 15 in Fighting
  9631 | D:11     | Found a staircase to the Lair.
  9902 | D:11     | Received a gift from Trog
 10102 | D:12     | Noticed a cyan ugly thing
 10109 | D:12     | Killed a cyan ugly thing
 10110 | D:12     | Reached XP level 12. HP: 84/121 MP: 11/11
 10233 | Lair:1   | Entered Level 1 of the Lair of Beasts
 10419 | Lair:1   | Identified the +2 hand axe "Vuskaxem" {freeze, rPois Int+4}
 10977 | Lair:2   | Found a staircase to the Swamp.
 11188 | Lair:2   | Noticed a death yak
 11192 | Lair:2   | Killed a death yak
 11195 | Lair:2   | Noticed a death yak
 11213 | Lair:2   | Killed a death yak
 11214 | Lair:2   | Reached skill level 16 in Fighting
 11216 | Lair:2   | Gained mutation: You have large cloven feet. [hidden
                  | potential]
 11272 | Lair:2   | Identified the amulet "Adaceh" {Faith *Corrode +Blink
                  | Int+5}
 11356 | Lair:2   | Found a hole to the Spider Nest.
 11393 | Lair:2   | Found a sacrificial altar of Ru.
 12244 | Lair:3   | Noticed a six-headed hydra
 12246 | Lair:3   | Killed an eight-headed hydra
 12347 | Lair:3   | Noticed a death yak
 12348 | Lair:3   | Noticed a death yak
 12348 | Lair:3   | Noticed a death yak
 12352 | Lair:3   | Killed a death yak
 12353 | Lair:3   | Reached XP level 13. HP: 130/130 MP: 12/12
 12909 | Lair:4   | Found a viscous altar of Jiyva.
 12909 | Lair:4   | Found a staircase to the Slime Pits.
 13777 | Lair:5   | Entered Level 5 of the Lair of Beasts
 13780 | Lair:5   | Reached skill level 17 in Fighting
 13933 | Lair:5   | Reached ****** piety under Trog
 13952 | Lair:5   | Gained mutation: Your mind is acute. (Int +4, Str/Dex -1)
                  | [hidden potential]
 13952 | Lair:5   | Lost mutation: You have hidden genetic potential. [hidden
                  | potential expressed]
 13974 | Lair:5   | Lost mutation: You are occasionally teleported next to
                  | monsters. [potion of mutation]
 13974 | Lair:5   | Lost mutation: Your natural rate of healing is unusually
                  | fast. [potion of mutation]
 13974 | Lair:5   | Lost mutation: You have large cloven feet. [potion of
                  | mutation]
 13974 | Lair:5   | Gained mutation: You have sharp fingernails. [potion of
                  | mutation]
 13974 | Lair:5   | Gained mutation: You sometimes lose your temper in combat.
                  | [potion of mutation]
 13974 | Lair:5   | Gained mutation: You have a pair of large horns on your
                  | head. [potion of mutation]
 13975 | Lair:5   | Lost mutation: Your mind is acute. (Int +4, Str/Dex -1)
                  | [potion of mutation]
 13975 | Lair:5   | Lost mutation: You sometimes lose your temper in combat.
                  | [potion of mutation]
 13975 | Lair:5   | Lost mutation: You have a pair of large horns on your head.
                  | [potion of mutation]
 13975 | Lair:5   | Gained mutation: You have large cloven feet. [potion of
                  | mutation]
 13975 | Lair:5   | Gained mutation: You have hoof-like feet. [potion of
                  | mutation]
 13975 | Lair:5   | Gained mutation: You have a somewhat thin skeletal
                  | structure. (Dex +2, Stealth+) [potion of mutation]
 13984 | Lair:5   | Reached skill level 15 in Axes
 14001 | Lair:5   | Identified the +9 battleaxe of Minotaur's Curse {antimagic,
                  | rPois} (Trog gifted it to you on level 5 of the Lair of
                  | Beasts)
 14001 | Lair:5   | Received a gift from Trog
 14302 | Lair:5   | Reached skill level 10 in Evocations
 14497 | Lair:5   | Noticed a minotaur
 14600 | Lair:5   | Paralysed by a floating eye for 3 turns
 14605 | Lair:5   | Paralysed by a floating eye for 2 turns
 14616 | Lair:5   | Paralysed by a floating eye for 2 turns
 14623 | Lair:5   | Paralysed by a floating eye for 3 turns
 14782 | Lair:5   | Found a runed translucent gate.
 14782 | Lair:5   | Found a runed translucent gate.
 14782 | Lair:5   | Found a runed translucent gate.
 14819 | Lair:5   | Noticed NinjaNoafa's ghost (journeyman MfGl)
 15101 | Lair:5   | Reached skill level 18 in Fighting
 15164 | Lair:5   | Received a gift from Trog
 15183 | Lair:5   | Reached XP level 14. HP: 49/144 MP: 4/13
 15936 | Lair:5   | Found a runed translucent door.
 16146 | Lair:5   | Paralysed by a hornet for 3 turns
 16152 | Lair:5   | HP: 5/144 [tyrant leech (23)]
 16152 | Lair:5   | Slain by a hornet

Illustrated notes

Levels and vault maps discovered:
D:1:      dpeg_arrival_prison, layout_rooms
D:2:      layout_rooms, basic_altar, uniq_crazy_yiuf_cottage
D:3:      layout_loops_ring, uniq_ijyb
D:4:      layout_cave_pools, pdpol_temple_overflow_zin_treasury_gozag_greed,
          minmay_temple_entry_overgrown, nicolae_ossuary_entry_monument
D:5:      layout_basic, uniq_edmund
D:6:      minmay_chambers_of_threes, layout_gridville, uniq_grinder
D:7:      layout_basic
D:8:      layout_rooms, enter_bailey_2
D:9:      layout_rooms, gammafunk_temple_overflow_wave, serial_shops,
          nicolae_shop_bloodbath_and_beyond
D:10:     layout_rooms, david_orc_3
D:11:     layout_rooms, erik_lair_orcish_takeover, reono_crystal_passage,
          glass_columns_a, kennysheep_boxes
D:12:     layout_cave_pods
Lair:1:   layout_regular_city, lemuel_fruit_fields, grunt_megastairs_3
Lair:2:   layout_regular_city, swamp_mist, spider_nest_entry_web_field,
          lemuel_oklob_altar, serial_bayou_shore_a, serial_bayou_shore_b
Lair:3:   layout_misc_corridors, kennysheep_abandoned_house
Lair:4:   layout_cave_pods, slime_entry_1, serial_bayou_crossing,
          serial_bayou_shore_b
Lair:5:   hangedman_lair_caniforms_friends, layout_cave_pods, wormcave,
          maelrawn_ghost_gauntlet_escape, disabler_island

Skill      XL: |  1  2  3  4  5  6  7  8  9 10 11 12 13 |
---------------+----------------------------------------+-----
Fighting       | 4 5 6 7 8 9 11 13 14 15 16 18 | 18.8
Axes           | 4 5 6 8 9 10 12 14 16 | 16.8
Armour         | 3 4 6 7 |  7.1
Evocations     | 2 5 7 9 10 | 10.0
Dodging        | 5 7 |  7.0

Action                   |  1- 3 |  4- 6 |  7- 9 | 10-12 | 13-15 || total
-------------------------+-------+-------+-------+-------+-------++-------
Melee: Hand axe          |    66 |   117 |   147 |       |       ||   330
       Headbutt          |    10 |    22 |    55 |    72 |    49 ||   208
       Unarmed           |       |    10 |       |       |       ||    10
       Punch             |       |     2 |     4 |       |       ||     6
       Battleaxe         |       |       |   141 |   407 |   200 ||   748
       Executioner's axe |       |       |       |       |    47 ||    47
Invok: Berserk           |     1 |     3 |     3 |     4 |     1 ||    12
       Brothers in Arms  |       |       |       |       |     2 ||     2
Evoke: Wand              |       |       |     1 |       |     2 ||     3
  Use: Scroll            |       |       |    24 |     5 |     1 ||    30
       Potion            |       |       |       |     1 |     4 ||     5
 Stab: Sleeping          |     1 |       |       |       |       ||     1
       Invisible         |       |     1 |       |       |       ||     1
       Paralysed         |       |       |       |       |     2 ||     2
Armor: Animal skin       |    10 |     9 |       |       |       ||    19
       Chain mail        |       |    36 |   172 |   256 |   181 ||   645
Dodge: Dodged            |    34 |    52 |   127 |   238 |   165 ||   616

Table legend: (Time is in decaauts)
 A = Elapsed time spent in this place.
 B = Non-inter-level travel time spent in this place.
 C = Inter-level travel time spent in this place.
 D = Time resting spent in this place.
 E = Time spent auto-exploring this place.
 F = Levels seen in this place.
 G = Mean time per level.
                   A        B        C        D        E       F      G
               +--------+--------+--------+--------+--------+-----+--------+
         Total |  16387 |  15903 |    484 |    859 |  12128 |  19 |  862.5 |
       Dungeon |   9067 |   8717 |    350 |    508 |   6478 |  12 |  755.6 |
          Lair |   5945 |   5811 |    134 |     84 |   4840 |   5 | 1189.0 |
       Ossuary |    488 |    488 |      0 |      0 |    321 |   1 |  488.0 |
        Bailey |    885 |    885 |      0 |    266 |    489 |   1 |  885.0 |
               +--------+--------+--------+--------+--------+-----+--------+

Top non-repeatable levels by time:
  Lair:5: 2373 daAuts
     D:5: 1479 daAuts
     D:6: 1160 daAuts
  Lair:2: 1099 daAuts
  Lair:4: 999 daAuts
     D:7: 964 daAuts
  Bailey: 885 daAuts
     D:4: 815 daAuts
     D:3: 799 daAuts
  Lair:3: 752 daAuts
     D:1: 723 daAuts
  Lair:1: 721 daAuts
    D:11: 716 daAuts
    D:10: 661 daAuts
     D:2: 655 daAuts
